 Dungeon Crawl Stone Soup version 0.29-a0-838-g385bb11a5b (webtiles) character file.

Game seed: 1753048590646367763

119 jimonade the Covert (level 5, 0/30 HPs)
             Began as a Kobold Brigand on July 13, 2022.
             Slain by an orc wizard
             ... wielding a +0 dagger
              (2 damage)
             ... on level 3 of the Dungeon.
             The game lasted 00:06:09 (3609 turns).

jimonade the Covert (Kobold Brigand)                Turns: 3609, Time: 00:06:10

Health: 0/30       AC:  3    Str:  9    XL:     5   Next: 23%
Magic:  5/5        EV: 14    Int: 12    God:
Gold:   82         SH:  0    Dex: 18    Spells: 4/4 levels left

rFire   . . .      SeeInvis .   a - +2 dagger
rCold   . . .      Faith    .   (no shield)
rNeg    . . .      Spirit   .   b - +0 robe
rPois   .          Reflect  .   (no helmet)
rElec   .          Harm     .   c - +0 cloak
rCorr   .          Rampage  .   (no gloves)
Will    .....                   (no boots)
Stlth   +++++.....              (no amulet)
HPRegen 0.10/turn               (no ring)
MPRegen 0.09/turn               (no ring)

@: no status effects
A: small, no large weapons, nightstalker 3
a: no special abilities


You were on level 3 of the Dungeon.
You visited 1 branch of the dungeon, and saw 3 of its levels.

You collected 82 gold pieces.

Inventory:

Hand Weapons
 a - a +2 dagger (weapon)
 k - a +0 short sword
 m - a +0 falchion
 p - a +0 whip
 u - a +0 quarterstaff
 A - a +1 falchion of holy wrath
Missiles
 d - 20 poisoned darts (quivered)
 e - 3 curare-tipped darts
 h - 33 stones
Armour
 b - a +0 robe (worn)
 c - a +0 cloak (worn)
 f - a +0 leather armour
 g - a +1 ring mail of poison resistance
 l - a +0 cloak
 n - a +0 chain mail
Wands
 x - a wand of paralysis (3)
Scrolls
 j - 4 scrolls of identify {unknown}
 o - a scroll of noise {unknown}
 r - a scroll of fear {unknown}
 s - a scroll of enchant weapon {unknown}
 t - a scroll of poison {unknown}
 v - a scroll of brand weapon {unknown}
 y - a scroll of teleportation {unknown}
Potions
 i - 2 potions of lignification {unknown}
 q - a potion of cancellation {unknown}
 w - a potion of haste {unknown}
 z - a potion of flight {unknown}


   Skills:
 + Level 2.2 Fighting
 + Level 3.2 Short Blades
 - Level 2.1 Throwing
 + Level 1.2 Dodging
 * Level 8.3 Stealth


You had 4 spell levels left.
You didn't know any spells.
Your spell library contained the following spells:

 Spells                   Type           Power      Damage    Failure   Level
 Blink                    Tloc           0%         N/A       45%         2
 Freezing Cloud           Conj/Ice/Air   0%         6-21      100%        5
 Manifold Assault         Tloc           0%         N/A       100%        5
 Simulacrum               Ice/Necr       0%         N/A       100%        6
 Storm Form               Tmut/Air       0%         N/A       100%        7
 Polar Vortex             Ice            0%         N/A       100%        9


Dungeon Overview and Level Annotations

Branches:
Dungeon (3/15)

Altars:
Qazlal


Innate Abilities, Weirdness & Mutations

You are small and have problems with some larger weapons.
You are completely attuned to the shadows.


Message History

You hit the orc but do no damage.
The orc is severely wounded.
The orc completely misses you. The orc wizard closely misses you.
You hit the orc wizard.
The orc wizard is lightly wounded.
You closely miss the orc wizard.
The orc wizard is lightly wounded.
The orc wizard gestures at you while chanting.
You are confused.
The orc closely misses you.
You're too confused to move!
The orc wizard hits you but does no damage.
The orc hits you with a +0 short sword.
You miss the orc wizard.
The orc wizard is lightly wounded.
The orc wizard hits you with a +0 dagger.
The orc hits you with a +0 short sword.
You miss the orc wizard.
The orc wizard is lightly wounded.
The orc wizard barely misses you. The orc hits you with a +0 short sword.
You bump into the rock wall.
The orc wizard hits you but does no damage.
The orc hits you with a +0 short sword.
You hit the orc wizard.
The orc wizard is moderately wounded.
The orc wizard barely misses you. The orc hits you but does no damage.
You bump into the rock wall.
The orc wizard hits you with a +0 dagger.
The orc misses you.
You bump into the rock wall.
The orc wizard points at you and mumbles some strange words.
The puff of flame hits you!
* * * LOW HITPOINT WARNING * * *
The orc closely misses you.
You hit the orc wizard.
The orc wizard is heavily wounded.
You feel less confused.
The orc wizard hits you with a +0 dagger.
You die...

#.# #####..#
#########.#########.o.
#..................o##
#.#######>......##### #.#
#.......# #.# #.......#
############.# #)........
#.....)......#######.......##
#.###########..o@oo........#
#.# #.######<......# ..# #.#
####.#### ### #.# #.#
###.#### #.#
##########......# #.#
#............##.# #.#
##^§§≈.^^^..####.######.#
#§#§#^.≈^#..............#


You could see an orc wizard and 2 orcs.

Vanquished Creatures
  5 adders
  2 worms (D:2)
  2 dart slugs
  7 orcs
  3 ball pythons
  5 endoplasms
  6 goblins
  A hobgoblin (D:3)
  3 jackals (D:2)
  5 kobolds
  A quokka (D:2)
  8 bats
  2 frilled lizards
  6 rats
56 creatures vanquished.

Notes
Turn   | Place    | Note
-------+----------+-------------------------------------------
     0 | D:1      | jimonade the Kobold Brigand began the quest for the Orb.
     0 | D:1      | Reached XP level 1. HP: 12/12 MP: 1/1
   122 | D:1      | Reached XP level 2. HP: 17/17 MP: 2/2
   154 | D:1      | Reached skill level 6 in Stealth
   902 | D:2      | Reached XP level 3. HP: 21/21 MP: 3/3
  1192 | D:2      | Reached skill level 7 in Stealth
  1453 | D:2      | Reached XP level 4. HP: 25/26 MP: 4/4
  2135 | D:3      | Found a stormy altar of Qazlal.
  2621 | D:3      | Reached skill level 8 in Stealth
  2703 | D:2      | Reached XP level 5. HP: 12/30 MP: 5/5
  3608 | D:3      | HP: 1/30 [orc wizard/puff of flame (9)]
  3609 | D:3      | Slain by an orc wizard

Illustrated notes

Levels and vault maps discovered:
D:1:      dpeg_arrival_simpleton_c, layout_loops_ring, feat_on_display
D:2:      layout_loops_cross, minmay_pentomino_z4
D:3:      layout_loops_ring, grunt_qazlal_sundering, st_stairs_3

Skill      XL: |  1  2  3  4 |
---------------+-------------+-----
Stealth        | 6 7 8 |  8.3
Short Blades   | 3 |  3.2
Fighting       | |  2.2
Throwing       | |  2.1
Dodging        | |  1.2

Action                   |  1- 3 |  4- 6 || total
-------------------------+-------+-------++-------
Melee: Dagger            |    56 |   127 ||   183
       Punch             |     1 |     1 ||     2
 Stab: Sleeping          |    18 |     9 ||    27
       Distracted        |     1 |     1 ||     2
Armor: Robe              |     7 |    14 ||    21
Dodge: Dodged            |    17 |    79 ||    96

Table legend: (Time is in decaauts)
 A = Elapsed time spent in this place.
 B = Non-inter-level travel time spent in this place.
 C = Inter-level travel time spent in this place.
 D = Time resting spent in this place.
 E = Time spent auto-exploring this place.
 F = Levels seen in this place.
 G = Mean time per level.
                   A        B        C        D        E       F      G
               +--------+--------+--------+--------+--------+-----+--------+
         Total |   3582 |   3481 |    101 |    901 |   1922 |   3 | 1194.0 |
       Dungeon |   3582 |   3481 |    101 |    901 |   1922 |   3 | 1194.0 |
               +--------+--------+--------+--------+--------+-----+--------+

Top non-repeatable levels by time:
     D:2: 1594 daAuts
     D:3: 1155 daAuts
     D:1: 832 daAuts
